 Dungeon Crawl Stone Soup version 0.31.0-11-ge490571c62 (webtiles) character file.

Game seed: 14182158284674617585

415 hadoken the Ruffian (level 6, -5/53 HPs)
             Began as a Troll Earth Elementalist on Feb 10, 2024.
             Engulfed by a steam dragon's steam (10 damage)
             ... on level 4 of the Dungeon.
             The game lasted 00:08:55 (3866 turns).

hadoken the Ruffian (Troll Earth Elementalist)      Turns: 3866, Time: 00:08:56

Health: -5/53      AC:  5    Str: 19    XL:     6   Next: 60%
Magic:  4/6        EV:  9    Int: 11    God:
Gold:   166        SH:  0    Dex: 10    Spells: 3/7 levels left

rFire   . .          .
                       - Unarmed
rCold   . . .        (no shield)
rNeg    + . .        a - +1 robe
rPois   .            (helmet restricted)
rElec   .            (no cloak)
rCorr   .            (gloves unavailable)
SInv    .            (boots unavailable)
Will    .....        (no amulet)
Stlth   +            k - ring of positive energy
HPRegen 1.08/turn    (no ring)
MPRegen 0.10/turn

%: no passive effects
@: no status effects
A: large, unfitting armour, claws 3, regeneration 1, shaggy fur 1, tough skin 1
a: no special abilities


You were on level 4 of the Dungeon.
You visited 1 branch of the dungeon, and saw 4 of its levels.

You collected 166 gold pieces.

Inventory:

Missiles
 n - 2 poisoned darts (quivered)
Armour
 a - a +1 robe (worn)
Jewellery
 k - a ring of positive energy (left claw)
Wands
 p - a wand of mindburst (19)
 r - a wand of flame (8)
 t - a wand of charming (12)
Scrolls
 c - 2 scrolls of identify
 e - 2 scrolls of enchant weapon {unknown}
 g - 2 scrolls of torment
 h - 2 scrolls of noise
 i - a scroll of teleportation
 j - a scroll of revelation
 m - a scroll of poison
 o - a scroll of vulnerability {unknown}
Potions
 b - a potion of magic
 d - 4 potions of curing
 f - a potion of brilliance


   Skills:
 + Level 0.0 Fighting
 - Level 1.5 Dodging
 - Level 1.0 Stealth
 + Level 6.8 Unarmed Combat
 - Level 1.2 Spellcasting
 - Level 0.6 Conjurations
 + Level 2.6 Earth Magic


You had 3 spell levels left.
You knew the following spells:

 Your Spells              Type           Power      Damage    Failure   Level
a - Sandblast             Erth           12%        2d6       11%         1
b - Stone Arrow           Conj/Erth      8%         3d7       43%         3

Your spell library contained the following spells:

 Spells                   Type           Power      Damage    Failure   Level
 Sting                    Conj/Alch      4%         1d3       28%         1
 Passwall                 Erth           6%         N/A       30%         3
 Cigotuvi's Dreadful Rot  Necr/Alch/Air  0%         N/A       43%         2
 Mercury Vapours          Alch/Air       0%         N/A       43%         2
 Gell's Gravitas          Tloc           0%         N/A       67%         3
 Teleport Other           Tloc           0%         N/A       67%         3
 Brom's Barrelling Bould  Conj/Erth      4%         2d3       85%         4
 Petrify                  Alch/Erth      3%         N/A       88%         4
 Ignite Poison            Fire/Alch      0%         N/A       97%         4
 Olgreb's Toxic Radiance  Alch           0%         N/A       97%         4
 Freezing Cloud           Conj/Ice/Air   0%         6-21      100%        5
 Dispersal                Tloc           0%         N/A       100%        6


Dungeon Overview and Level Annotations

Branches:
Dungeon (4/15)
 Temple: D:4-7

Altars:
Elyvilon
Xom


Innate Abilities, Weirdness & Mutations

You are too large for most types of armour.
You have claws for hands.
Your natural rate of healing is unusually fast.
You are covered in fur. (AC +1)
You have tough skin. (AC +1)


Message History

Confirm with . or Enter, or press ? or * to list all spells.
Aiming: Sandblast (safe; 11% risk of failure)
Press: ? - help, Shift-Dir - straight line, f - steam dragon
Aim: a steam dragon (81% to hit)
The blast of sand hits the steam dragon.
The steam dragon is lightly wounded.
The steam dragon breathes steam at you. The ball of steam hits you!
You hear an angry hiss.
An iguana comes into view.
Casting: Sandblast (safe; 11% risk of failure)
Confirm with . or Enter, or press ? or * to list all spells.
Aiming: Sandblast (safe; 11% risk of failure)
Press: ? - help, Shift-Dir - straight line, f/p - steam dragon
Aim: a steam dragon (lightly wounded, 81% to hit)
The blast of sand hits the steam dragon.
The steam dragon is moderately wounded.
The steam dragon breathes steam at you. The ball of steam hits you!
You hear a shout!
The iguana is engulfed in a cloud of scalding steam.
The iguana attacks as it pursues you! The iguana bites you.
Okay, then.
Okay, then.
It was a potion of enlightenment.
You feel very buoyant.
You fly up into the air.
The steam dragon bites you!
The steam dragon claws you but does no damage.
It was a potion of cancellation.
Your magical effects are unravelling.
You feel magically purged.
You float gracefully downwards.
Your enlightenment fades.
The steam dragon breathes steam at you. The ball of steam hits you!
* * * LOW HITPOINT WARNING * * *
As you read the scroll labelled VEUNITS QIXU, it crumbles to dust.
It is a scroll of enchant armour.
Your +0 robe glows green for a moment.
You are engulfed in a cloud of scalding steam.
You die...

#.# ## ..# .^
#.# .# #.# . #§#
#.#§# #.#.#####
#..lD@§§#
###.##§## #.##.#
##########.##.#
#....).....##.#
#...D.|....##.#
..[.........##.#
...########.##.#
.. #.##.#


You could see a steam dragon and an iguana.

Vanquished Creatures
  Sigmund (D:3)
  A bombardier beetle (D:3)
  2 jellies (D:3)
  Jessica (D:2)
  A gnoll (D:1)
  4 adders
  A white imp (D:3)
  4 dart slugs
  A ribbon worm (D:2)
  4 bats
  4 endoplasms
  4 giant cockroaches
  6 goblins
  10 hobgoblins
  7 jackals
  2 quokkas
  7 ball pythons
  4 frilled lizards
  8 kobolds
  A rat (D:2)
73 creatures vanquished.

Notes
Turn   | Place    | Note
-------+----------+-------------------------------------------
     0 | D:1      | hadoken the Troll Earth Elementalist began the quest for
                  | the Orb.
     0 | D:1      | Reached XP level 1. HP: 16/16 MP: 1/1
   180 | D:1      | Reached skill level 1 in Unarmed Combat
   296 | D:1      | Reached XP level 2. HP: 24/24 MP: 0/2
   333 | D:1      | Found a faded altar of an unknown god.
   382 | D:1      | Reached skill level 2 in Unarmed Combat
   514 | D:1      | Reached XP level 3. HP: 31/31 MP: 1/3
   643 | D:1      | Reached skill level 3 in Unarmed Combat
  1017 | D:2      | Learned a level 3 spell: Stone Arrow
  1203 | D:2      | Noticed Jessica
  1210 | D:2      | Killed Jessica
  1211 | D:2      | Reached XP level 4. HP: 32/39 MP: 2/4
  1280 | D:2      | Reached skill level 4 in Unarmed Combat
  2260 | D:3      | Reached XP level 5. HP: 45/45 MP: 3/5
  2716 | D:3      | Reached skill level 5 in Unarmed Combat
  3122 | D:3      | Noticed Sigmund
  3420 | D:3      | Killed Sigmund
  3421 | D:3      | Reached skill level 6 in Unarmed Combat
  3421 | D:3      | Reached XP level 6. HP: 53/53 MP: 3/6
  3454 | D:3      | Identified the +7 short sword of Armageddon {freeze, Str+7
                  | Int+3}
  3574 | D:3      | Found a shimmering altar of Xom.
  3574 | D:3      | Found a white marble altar of Elyvilon.
  3839 | D:4      | Noticed a steam dragon
  3866 | D:4      | Engulfed by a steam dragon's steam

Illustrated notes

Levels and vault maps discovered:
D:1:      denvon_arrival_planthouse, layout_loops_cross,
          hellmonk_ecumenical_altar_pennies_from_heaven
D:2:      layout_basic, minmay_tetromino_i2, uniq_jessica
D:3:      minmay_diamond_boxcup, layout_basic, gammafunk_temple_overflow_statue,
          mrwooster_statue_mirror, nicolae_figureground_pulse, uniq_sigmund
D:4:      layout_basic, minmay_temple_entry_crystal_x, minmay_puff, uniq_pikel

Skill      XL: |  1  2  3  4  5 |
---------------+----------------+-----
Unarmed Combat | 1 2 3 4 6 |  6.8
Dodging        | |  1.5
Stealth        | |  1.0
Spellcasting   | |  1.2
Conjurations   | |  0.6
Earth Magic    | |  2.6

Action                     |  1- 3 |  4- 6 || total
---------------------------+-------+-------++-------
  Melee: Unarmed           |    41 |    42 ||    83
         Punch             |     2 |       ||     2
  Throw: Stone             |     2 |       ||     2
         Dart              |       |    10 ||    10
   Cast: Sandblast         |    28 |    44 ||    72
         Stone Arrow       |       |     1 ||     1
    Use: Scroll            |       |     6 ||     6
         Potion            |       |     5 ||     5
   Stab: Sleeping          |     1 |       ||     1
 Armour: Robe              |    32 |    50 ||    82
  Dodge: Dodged            |    28 |    26 ||    54
